 Dungeon Crawl Stone Soup version 0.31-a0-1412-g7b7c7d10e1 (webtiles) character file.

Game seed: 4074830352504891491

189 Fymir27 the Slasher (level 5, -3/11 (41) HPs)
             Began as a Barachi Reaver on Dec 26, 2023.
             Slain by Sigmund
             ... wielding a +0 scythe
              (9 damage)
             ... on level 4 of the Dungeon.
             The game lasted 00:22:20 (4167 turns).

Fymir27 the Slasher (Barachi Reaver)                Turns: 4167, Time: 00:22:21

HP:   -3/11 (41)    AC:  6    Str: 11 (14) XL:     5   Next: 68%
MP:   6/8           EV: 11    Int: 14 (15) God:
Gold: 141           SH:  0    Dex:  7 (10) Spells: 7/8 levels left

rFire   . . .        i - +0 long sword
rCold   . . .        (no shield)
rNeg    + . .        b - +0 leather armour
rPois   .            (no helmet)
rElec   .            e - +0 cloak
rCorr   .            A - +1 pair of gloves
SInv    .            (no boots)
Will    .....        (no amulet)
Stlth   +            d - ring of positive energy
HPRegen 0.21/turn    (no ring)
MPRegen 0.11/turn

%: no passive effects
@: extremely drained, slow
A: amphibious, slowness 1, strong legs 1, +LOS
a: Hop


You were on level 4 of the Dungeon.
You visited 1 branch of the dungeon, and saw 4 of its levels.

You collected 141 gold pieces.

Inventory:

Hand Weapons
 a - a +0 falchion
 i - a +0 long sword (weapon)
Missiles
 s - 69 stones (quivered)
Armour
 b - a +0 leather armour (worn)
 e - a +0 cloak (worn)
 h - a +0 kite shield
 j - a +0 tower shield
 r - a +0 ring mail
 A - a +1 pair of gloves (worn)
Jewellery
 d - a ring of positive energy (left hand)
Talismans
 y - a talisman of death
Wands
 z - a wand of charming (5)
Scrolls
 c - a scroll of fog {unknown}
 f - a scroll of noise {unknown}
 p - a scroll of teleportation
 t - a scroll of amnesia {unknown}
 u - 2 scrolls of enchant weapon {unknown}
 w - 2 scrolls of vulnerability {unknown}
 x - 2 scrolls of identify {unknown}
Potions
 g - a potion of might {unknown}
 k - 3 potions of degeneration
 l - a potion of resistance {unknown}
 m - a potion of heal wounds {unknown}
 n - a potion of lignification {unknown}
 o - a potion of cancellation {unknown}
 q - a potion of curing
 v - 2 potions of mutation {unknown}


   Skills:
 + Level 3.5 Fighting
 + Level 4.4 Long Blades
 + Level 0.9 Armour
 - Level 3.1 Dodging
 + Level 2.1 Shields
 - Level 2.3 Spellcasting
 - Level 4.0 Conjurations
 + Level 1.4 Necromancy


You had 7 spell levels left.
You knew the following spells:

 Your Spells              Type           Power      Damage    Failure   Level
a - Kiss of Death         Conj/Necr      36%        2d8       10%         1

Your spell library contained the following spells:

 Spells                   Type           Power      Damage    Failure   Level
 Momentum Strike          Conj/Tloc      14%        3d8       21%         2
 Hailstorm                Conj/Ice       7%         3d5       38%         3


Dungeon Overview and Level Annotations

Branches:
Dungeon (4/15)
 Temple: D:4-7

Altars:
Makhleb
Ru

Shops:
D:3 =

Annotations:
D:4 Sigmund


Innate Abilities, Weirdness & Mutations

You are amphibious.
You cover ground slowly.
You can hop short distances.
You have an extended range of vision and can be seen from far away.


Message History

The scorpion stings you but does no damage.
You are too confused!
Unknown command.
Unknown command.
It was a potion of degeneration.
There was something very wrong with that liquid.
You feel weakened.
You feel dopey.
You feel clumsy. The scorpion barely misses you.
Sigmund says, "You will soon forget everything."
Sigmund barely misses you.
It was a potion of curing.
You feel better. The scorpion barely misses you.
The scorpion stings you but does no damage.
Sigmund gestures at you while chanting. The magic dart hits you.
Okay, then.
You can't go up here!
Casting: Kiss of Death (safe; 10% risk of failure)
Confirm with . or Enter, or press ? or * to list all spells.
Aiming: Kiss of Death (safe; 10% risk of failure)
Press: ? - help, Shift-Dir - straight line, f - Sigmund, p - scorpion
Aim: Sigmund, wielding a +0 scythe and wearing a +0 robe (100% to hit)
The negative energy hits Sigmund!
Sigmund is drained!
Sigmund is severely wounded.
You feel drained. The scorpion stings you. Sigmund casts a spell at you.
The puff of flame hits you!
* * * LOW HITPOINT WARNING * * *
The scorpion stings you but does no damage.
You can't go up here!
Casting: Kiss of Death (safe; 10% risk of failure)
Confirm with . or Enter, or press ? or * to list all spells.
Aiming: Kiss of Death (safe; 10% risk of failure)
Press: ? - help, Shift-Dir - straight line, f/p - Sigmund
Aim: Sigmund, wielding a +0 scythe and wearing a +0 robe (severely wounded, heavily drained, 100% to hit)
The negative energy hits Sigmund.
Sigmund is drained!
Sigmund is almost dead.
You feel drained. Sigmund hits you with a +0 scythe!
Ouch! That really hurt!
You die...
Sigmund begins carving another notch in his scythe.

#.#............#.......
##....##...............
#...##......#........
#...#................
###...#.#.............
s #.......####.......#.
.. ##......# ###......#
.... ##..####
#....s...#..... ####
##...@##.......
#.....@........
###............
#.....#...... #..#..#
..... ####### .... ...
.. .


You could see Sigmund (very drained) and a scorpion (drained).

Vanquished Creatures
  An orc priest (D:3)
  4 adders
  3 dart slugs
  16 orcs
  8 ball pythons
  9 bats
  8 endoplasms
  3 giant cockroaches
  5 goblins
  9 hobgoblins
  4 jackals (D:1)
  3 kobolds
  6 quokkas
  5 frilled lizards
  7 rats
91 creatures vanquished.

Notes
Turn   | Place    | Note
-------+----------+-------------------------------------------
     0 | D:1      | Fymir27 the Barachi Reaver began the quest for the Orb.
     0 | D:1      | Reached XP level 1. HP: 17/17 MP: 3/3
   149 | D:1      | Reached XP level 2. HP: 23/23 MP: 5/5
   348 | D:1      | Reached XP level 3. HP: 28/28 MP: 6/6
   496 | D:1      | Reached skill level 1 in Shields
  1243 | D:2      | Reached XP level 4. HP: 30/31 MP: 5/7
  1324 | D:2      | Found a faded altar of an unknown god.
  1334 | D:2      | Reached skill level 1 in Necromancy
  2302 | D:2      | Found a sacrificial altar of Ru.
  3026 | D:3      | Found Jaiss's Jewellery Shop.
  3432 | D:3      | Reached XP level 5. HP: 17/29 MP: 8/8
  3837 | D:3      | Found a burning altar of Makhleb.
  4152 | D:4      | Noticed Sigmund
  4167 | D:4      | Slain by Sigmund

Illustrated notes

Levels and vault maps discovered:
D:1:      spicycebolla_arrival_xxxplode, layout_loops_corners
D:2:      layout_basic, basic_altar, nicolae_ecumenical_oubliette,
          nicolae_figureground_sparkle
D:3:      layout_rooms, bloody_makhleb, serial_co_window_serial,
          co_window_of_opportunity_a, co_window_paths_b, co_window_corner_a,
          co_window_paths_a, co_window_paths_a, co_window_corner_a,
          co_window_2corner, co_window_cross_4, co_window_unsneaky_path_c,
          co_window_sun, co_window_4corner_a, glass_columns_b, glass_columns_a,
          serial_shops, nicolae_shop_gaudy_bauble
D:4:      layout_cave_pools, grunt_temple_overflow_open, serial_shops,
          nicolae_shop_statue_plus, minmay_misc_feat_rugged, uniq_duvessa,
          uniq_sigmund, uniq_natasha

Skill      XL: |  1  2  3  4  5 |
---------------+----------------+-----
Shields        | 1 2 |  2.1
Fighting       | 3 |  3.5
Long Blades    | 4 |  4.4
Necromancy     | 1 |  1.4
Dodging        | 3 |  3.1
Conjurations   | 4 |  4.0
Armour         | |  0.9
Spellcasting   | |  2.3

Action                     |  1- 3 |  4- 6 || total
---------------------------+-------+-------++-------
  Melee: Falchion          |    10 |       ||    10
         Long sword        |    97 |   166 ||   263
         Punch             |     2 |     1 ||     3
  Throw: Stone             |       |     3 ||     3
   Cast: Kiss of Death     |     1 |     6 ||     7
    Use: Scroll            |       |     1 ||     1
         Potion            |       |     2 ||     2
   Stab: Sleeping          |       |     1 ||     1
 Armour: Leather armour    |    59 |    86 ||   145
         Ring mail         |       |     5 ||     5
  Dodge: Dodged            |    66 |   108 ||   174
  Block: Kite shield       |     5 |       ||     5
         Form:             |       |     1 ||     1
         Death             |       |     1 ||     1

Table legend: (Time is in decaauts)
 A = Elapsed time spent in this place.
 B = Non-inter-level travel time spent in this place.
 C = Inter-level travel time spent in this place.
 D = Time resting spent in this place.
 E = Time spent auto-exploring this place.
 F = Levels seen in this place.
 G = Mean time per level.
                   A        B        C        D        E       F      G
               +--------+--------+--------+--------+--------+-----+--------+
         Total |   4845 |   4311 |    534 |    290 |   3024 |   4 | 1211.2 |
       Dungeon |   4845 |   4311 |    534 |    290 |   3024 |   4 | 1211.2 |
               +--------+--------+--------+--------+--------+-----+--------+

Top non-repeatable levels by time:
     D:2: 1881 daAuts
     D:1: 1453 daAuts
     D:3: 1406 daAuts
     D:4: 105 daAuts
